 Dungeon Crawl Stone Soup version 0.16.2-2-g470672f (webtiles) character file.

970 monobi the Poker (level 7, -2/93 HPs)
             Began as a Minotaur Fighter on Sept 2, 2015.
             Was an Initiate of Ashenzari.
             Slain by a centaur (4 damage)
             ... on level 5 of the Dungeon.
             The game lasted 00:16:08 (3496 turns).

monobi the Poker (Minotaur Fighter)                 Turns: 3496, Time: 00:16:09

Health: -2/93      AC: 23    Str: 22    XL:     7   Next: 94%
Magic:  3/3        EV:  2    Int:  5    God:    Ashenzari [......]
Gold:   176        SH: 10    Dex: 13    Spells: 0 memorised, 6 levels left

rFire  . . .     SeeInvis .     i - +0 dagger (curse)
rCold  . . .     Clarity  .     b - melded +0 scale mail
rNeg   + + +     SustAb   .     c - +0 shield
rPois  +         Gourm    .     (helmet currently unavailable)
rElec  .         Spirit   .     y - melded +1 cloak
rCorr  .         Warding  .     (gloves currently unavailable)
rMut   .         NoTele   +     (boots currently unavailable)
MR     .....                    (no amulet)
Stlth  +.........               (no ring)
                                m - +3 ring of dexterity

@: tree-form, not resistant to hostile enchantments, very unstealthy
A: (retaliatory headbutt), (horns 0)
a: Renounce Religion


You were on level 5 of the Dungeon.
You worshipped Ashenzari.
Ashenzari was noncommittal.
You were hungry.
You were a tree.
You visited 1 branch of the dungeon, and saw 5 of its levels.

You collected 176 gold pieces.

Inventory:

Hand weapons
 a - a +0 trident
 i - a cursed +0 dagger (weapon)
 v - a +3 rapier of venom
 B - a +0 dire flail
Missiles
 o - a throwing net (quivered)
Armour
 b - a +0 scale mail (melded)
 c - a +0 shield (worn)
 p - a cursed +0 helmet
 t - a +2 robe of magic resistance
 y - a +1 cloak (melded)
Jewellery
 m - a +3 ring of dexterity (left branch)
 r - an uncursed amulet of resist corrosion
Scrolls
 j - 4 scrolls of identify
 k - a scroll of amnesia
 q - a scroll of enchant weapon
Potions
 e - a potion of might
 f - a potion of agility
 l - a potion of berserk rage {unknown}
Books
 n - a book of the Sky

   Spells                             Type                      Level
   a - Flight                         Charms/Air                   3
   b - Airstrike                      Air                          4
   c - Silence                        Hexes/Air                    5
   d - Deflect Missiles               Charms/Air                   6
   e - Conjure Ball Lightning         Conjuration/Air              6
   f - Tornado                        Air                          9
Comestibles
 d - 3 bread rations
 s - a meat ration


   Skills:
 + Level 5.7 Fighting
 * Level 6.6 Polearms
 + Level 5.7 Armour
 + Level 4.0 Dodging
 + Level 5.7 Shields


You had 6 spell levels left.
You didn't know any spells.

Dungeon Overview and Level Annotations

Branches:
Dungeon (5/15)             Temple (0/1) D:5

Altars:
Ashenzari
Kikubaaqudgha
Makhleb
Okawaru
Vehumet
The Shining One


Innate Abilities, Weirdness & Mutations

((You reflexively headbutt those who attack you in melee.))
((You have a pair of horns on your head.))


Message History

The centaur is heavily wounded.
You block the centaur's attack. The centaur hits you!
* * * LOW HITPOINT WARNING * * *
You hit the centaur but do no damage.
The centaur is heavily wounded.
The centaur hits you but does no damage.
You hit the centaur but do no damage. You headbutt the centaur.
The centaur is heavily wounded.
You block the centaur's attack. The centaur hits you!
* * * LOW HITPOINT WARNING * * *
Drink which item? (? for menu, Esc to quit)
It was a potion of lignification.
You turn into a tree.
Your +1 cloak melds into your body.
Your +0 scale mail melds into your body.
Your roots penetrate the ground.
The centaur hits you but does no damage.
You hit the centaur but do no damage.
The centaur is heavily wounded.
The centaur hits you.
You die...

*** #.......# *,*
**##....########
********,###########.............
,,,,,,,,.#.,....#.....#..#.##.##[
,,,,,,,..#.###.##.#......#.##.##.
,,,,,,..................>....<...
,,,,,....#...#.#..##..#..#.##..#.
,,,,,......?.#.#......#..#.##..#.
**,,,........#Zc♣..##..........##
*,,.........(.#.#.###.....#....,
*,,,......#(#.#.#.#......#..#.**
******##(......#.#.#.#......,..#,
,,***#)........#.#.#*########*,#,
*,,,,..........#.###,_,***,_,***,
,,,,,#.......#.#.#*,,,,,8,,,,,*,,
,,,,,,..."...#...#*,,⌠,,,,,⌠,,***
,,,*,_,#.....#...#**,,,,,,,,,**


You could see a centaur and an adder skeleton.

Vanquished Creatures
  The ghost of Tegg the Covered, an experienced MiFi of Nemelex Xobeh (D:5)
  A phantom (D:4)
  Duvessa (D:4)
  3 scorpions
  Dowan (D:4)
  Crazy Yiuf (D:4)
  An orc wizard (D:3)
  3 hounds
  A worker ant (D:2)
  3 adders
  2 giant mites
  3 worms
  An ooze (D:1)
  3 giant geckos
  3 orcs (D:3)
  8 bats
  9 goblins
  9 hobgoblins
  2 quokkas (D:2)
  A ball python (D:2)
  5 giant cockroaches
  3 giant newts
  4 jackals (D:1)
  12 kobolds
  9 rats
90 creatures vanquished.

Notes
Turn   | Place    | Note
--------------------------------------------------------------
     0 | D:1      | monobi, the Minotaur Fighter, began the quest for the Orb.
     0 | D:1      | Reached XP level 1. HP: 19/19 MP: 1/1
   137 | D:1      | Reached XP level 2. HP: 24/27 MP: 1/1
   176 | D:1      | Reached skill level 4 in Fighting
   271 | D:1      | Reached skill level 1 in Dodging
   547 | D:1      | Reached XP level 3. HP: 33/33 MP: 2/2
   820 | D:2      | Found an ancient bone altar of Kikubaaqudgha.
   821 | D:2      | Found a shattered altar of Ashenzari.
   822 | D:2      | Found a glowing golden altar of the Shining One.
   868 | D:2      | Became a worshipper of Ashenzari the Shackled
  1104 | D:2      | Reached XP level 4. HP: 30/40 MP: 2/2
  1221 | D:2      | Found an iron altar of Okawaru.
  1516 | D:2      | Found a burning altar of Makhleb.
  1644 | D:3      | Reached XP level 5. HP: 46/46 MP: 2/2
  2543 | D:4      | Noticed Duvessa
  2543 | D:4      | Noticed Dowan
  2554 | D:4      | Killed Duvessa
  2554 | D:4      | Reached XP level 6. HP: 47/53 MP: 3/3
  2568 | D:4      | Killed Dowan
  2568 | D:4      | Reached skill level 5 in Polearms
  2680 | D:4      | Found a radiant altar of Vehumet.
  2846 | D:4      | Noticed Crazy Yiuf
  2881 | D:4      | Killed Crazy Yiuf
  2881 | D:4      | Reached skill level 5 in Armour
  2881 | D:4      | Reached skill level 5 in Shields
  3225 | D:4      | Noticed a phantom
  3233 | D:4      | Reached skill level 5 in Fighting
  3278 | D:4      | Killed a phantom
  3278 | D:4      | Reached XP level 7. HP: 28/61 MP: 3/3
  3306 | D:4      | You fall through a shaft!
  3306 | D:5      | Entered Level 5 of the Dungeon
  3333 | D:5      | Noticed Tegg's ghost (experienced MiFi)
  3386 | D:5      | Killed Tegg's ghost
  3386 | D:5      | Reached skill level 6 in Polearms
  3424 | D:5      | Found a staircase to the Ecumenical Temple.
  3494 | D:5      | HP: 1/62 [centaur (7)]
  3496 | D:5      | Slain by a centaur

Action                   |  1- 3 |  4- 6 |  7- 9 || total
-------------------------+-------+-------+-------++-------
Melee: Trident           |   107 |       |       ||   107
       Dagger            |    17 |   211 |    75 ||   303
  Use: Potion            |       |     7 |     2 ||     9
       Scroll            |       |       |    10 ||    10
 Stab: Distracted        |       |     1 |       ||     1
  Eat: Royal jelly       |     1 |       |       ||     1
       Chunk             |       |     2 |       ||     2
       Bread ration      |       |     1 |       ||     1
